AoeStats
← l3141516

Black Forest

509433397Analyzed
4v4 RM · 5d ago on Sep 26, 2026· 68m 15s· 8 players
Game mode
Random Map
Map size
Large (8 player)
Population
200
Speed
Normal
Resources
Standard
Victory
Conquest
Starting age
Dark Age
Ending age
Imperial Age
RankedLock teamsTeams togetherTeam positionsShared explorationLock speedFull tech treeHidden civsTurbo modeCheats
Victory
Defeat
🇹🇷 Danes · Türkiye
812
+12
🇹🇷 Saxons · Türkiye
755
+15
🇹🇷 Bohemians · Türkiye
703
+17
🇹🇷 Byzantines · Türkiye
691
+17
🇵🇪 Khmer · Peru
787
-18
🇵🇪 Huns · Peru
721
-15
🇹🇷 Goths · Türkiye
714
-15
🇺🇸 Aztecs · United States
665
-13
Hebele
0:39 Loom
11:53 Feudal Age
12:30 Double-Bit Axe
13:15 Horse Collar
18:05 Castle Age
21:52 Town Watch
24:32 Wheelbarrow
28:23 Imperial Age
27:27 Scale Mail Armor
27:48 Fletching
28:47 Gambesons
32:11 Bodkin Arrow
32:56 Onager
36:04 Chemistry
36:00 Squires
35:45 Arson
37:33 Heavy Plow
37:52 Hamask
38:22 Elite Varangian Guard
39:24 Arson
39:06 Pikeman
40:32 Chain Mail Armor
40:32 Forging
43:04 Halberdier
45:23 Capped Ram
49:00 Man-at-Arms
52:56 Plate Mail Armor
53:12 Bracer
53:47 Iron Casting
53:43 Hand Cart
53:28 Town Patrol
53:58 Ballistics
54:19 Long Swordsman
56:06 Town Patrol
56:43 Siege Ram
57:28 Two-Handed Swordsman
58:29 Bow Saw
64:00 Iron Casting
64:16 Padded Archer Armor
67:31 Caravan
Burak_el_Lion
1:01 Loom
13:28 Feudal Age
21:50 Castle Age
20:30 Double-Bit Axe
20:18 Man-at-Arms
27:40 Long Swordsman
28:07 Gambesons
30:57 Forging
30:48 Scale Mail Armor
32:51 Gold Mining
39:01 Imperial Age
39:16 Iron Casting
38:58 Chain Mail Armor
41:26 Plate Mail Armor
41:48 Elite Varangian Guard
45:14 Elite Skirmisher
46:07 Two-Handed Swordsman
47:56 Champion
60:01 Ballistics
60:41 Chemistry
TheMentoR
0:33 Loom
12:04 Feudal Age
12:54 Double-Bit Axe
19:23 Castle Age
17:50 Horse Collar
18:03 Gold Mining
19:20 Stone Mining
23:24 Bow Saw
25:28 Gold Shaft Mining
24:55 Heavy Plow
25:38 Wheelbarrow
24:49 Town Watch
28:07 Forging
27:59 Scale Mail Armor
28:20 Hand Cart
32:58 Iron Casting
32:39 Chain Mail Armor
35:01 Imperial Age
32:32 Town Patrol
34:05 Caravan
37:05 Two-Man Saw
36:42 Crop Rotation
39:58 Plate Mail Armor
38:59 Shield Wall
40:00 Conscription
39:03 Elite Hearth Troop
41:19 Hoardings
41:13 Murder Holes
41:29 Fortified Wall
42:53 Hoardings
52:31 Onager
62:48 Elite Varangian Guard
63:17 Gambesons
63:32 Squires
63:18 Arson
64:37 Pikeman
xemre89
1:34 Loom
5:41 Loom
12:14 Feudal Age
17:11 Castle Age
15:24 Horse Collar
16:05 Double-Bit Axe
19:16 Wheelbarrow
20:06 Bow Saw
21:04 Heavy Plow
24:36 Fervor
27:07 Fletching
27:45 Ballistics
27:50 Padded Archer Armor
31:28 Wagenburg Tactics
34:12 Imperial Age
32:04 Hand Cart
33:22 Caravan
34:57 Bodkin Arrow
35:17 Leather Archer Armor
36:05 Chemistry
36:23 Two-Man Saw
35:59 Bracer
35:59 Scale Mail Armor
36:46 Elite Hussite Wagon
37:47 Conscription
37:33 Arson
37:48 Squires
37:09 Pikeman
39:07 Ring Archer Armor
38:53 Chain Mail Armor
38:49 Forging
38:48 Siege Engineers
38:37 Houfnice
39:04 Halberdier
39:06 Elite Skirmisher
50:15 Plate Mail Armor
50:21 Iron Casting
Xx-Antrax-Xx44
0:28 Loom
14:00 Feudal Age
22:50 Castle Age
34:29 Imperial Age
32:47 Squires
32:33 Arson
32:09 Eagle Warrior
34:30 Forging
34:20 Scale Mail Armor
35:45 Conscription
36:36 Iron Casting
36:16 Chain Mail Armor
38:22 Blast Furnace
37:40 Treadmill Crane
38:39 Garland Wars
39:36 Plate Mail Armor
39:24 Man-at-Arms
39:57 Long Swordsman
40:32 Two-Handed Swordsman
42:56 Atlatl
42:57 Fletching
44:20 Crossbowman
45:05 Padded Archer Armor
50:00 Arbalester
BozKURT
12:18 Feudal Age
12:53 Double-Bit Axe
19:31 Castle Age
17:16 Horse Collar
17:50 Stone Mining
19:14 Gold Mining
21:20 Caravan
25:58 Wheelbarrow
33:22 Imperial Age
32:01 Squires
31:22 Pikeman
32:38 Heavy Plow
32:53 Bow Saw
32:27 Elite Skirmisher
35:23 Light Cavalry
37:22 Scale Mail Armor
37:47 Anarchy
39:03 Chemistry
37:46 Man-at-Arms
39:51 Conscription
40:34 Hand Cart
40:15 Fletching
40:36 Forging
40:32 Scale Barding Armor
41:36 Long Swordsman
43:31 Bloodlines
43:23 Husbandry
44:39 Halberdier
45:26 Hussar
47:29 Two-Man Saw
55:29 Elite Huskarl
55:38 Heavy Scorpion
59:22 Onager
60:17 Capped Ram
65:38 Two-Handed Swordsman
66:15 Cavalier
l3141516
0:39 Loom
12:17 Feudal Age
17:13 Double-Bit Axe
19:32 Castle Age
19:01 Stone Mining
19:02 Gold Mining
19:24 Horse Collar
29:23 Heavy Plow
30:40 Stone Shaft Mining
29:55 Town Watch
35:27 Wheelbarrow
34:52 Town Patrol
35:15 Bow Saw
37:21 Gold Shaft Mining
37:27 Fortified Wall
42:14 Imperial Age
40:13 Hand Cart
40:17 Bloodlines
41:01 Caravan
42:06 Tusk Swords
41:29 Pikeman
41:54 Arson
43:05 Double Crossbow
43:25 Conscription
43:20 Husbandry
42:40 Light Cavalry
43:24 Capped Ram
45:23 Chemistry
44:42 Halberdier
45:04 Light Cavalry
49:14 Conscription
50:27 Hussar
55:03 Heavy Scorpion
Thesammy
6:42 Loom
11:21 Loom
14:03 Feudal Age
17:33 Horse Collar
17:41 Double-Bit Axe
23:00 Castle Age
21:47 Gold Mining
24:19 Bow Saw
24:13 Heavy Plow
24:09 Stone Mining
25:33 Caravan
30:06 Wheelbarrow
30:32 Forging
30:22 Scale Mail Armor
30:27 Scale Barding Armor
30:12 Fletching
30:23 Padded Archer Armor
30:26 Town Watch
35:10 Imperial Age
32:17 Pikeman
33:29 Bloodlines
33:20 Husbandry
35:01 Hand Cart
34:41 Elite Skirmisher
35:49 Ballistics
35:39 Fletching
35:49 Padded Archer Armor
35:18 Cavalier
39:00 Thumb Ring
40:15 Conscription
40:55 Iron Casting
40:17 Bodkin Arrow
41:35 Coinage
41:56 Paladin
44:16 Blast Furnace
43:31 Chain Mail Armor
43:37 Chain Barding Armor
48:00 Bracer
51:33 Plate Barding Armor
Connection lost

Rejoining the realm…

Still unreachable

The connection could not be restored.

Session expired

The server has moved on; the page needs a fresh start.